 Dungeon Crawl Stone Soup version 0.30.0-18-gc0e69614cb (webtiles) character file.

Game seed: 3432565038197722831

18685 tizbic2 the Spear-Bearer (level 12, -20/115 HPs)
             Began as a Naga Fighter on May 23, 2023.
             Was a Follower of Wu Jian.
             Hit by a large rock thrown by a cyclops (39 damage)
             ... on level 11 of the Dungeon.
             The game lasted 00:49:01 (10281 turns).

tizbic2 the Spear-Bearer (Naga Fighter)            Turns: 10281, Time: 00:49:02

Health: -20/115    AC: 23    Str: 22    XL:     12   Next: 61%
Magic:  12/12      EV:  6    Int:  8    God:    Wu Jian [*.....]
Gold:   300        SH: 11    Dex: 13    Spells: 11/11 levels left

rFire   . . .        o - +10 spear "Wuth" {heavy, rElec rPois}
rCold   . . .        c - +0 buckler
rNeg    . . .        s - +2 chain mail {rC+}
rPois   +            I - +0 helmet
rElec   +            H - +2 cloak
rCorr   +            (no gloves)
SInv    +            (no barding)
Will    +....        x - amulet of reflection Stlth
                     l - ring of resist corrosion
HPRegen 0.39/turn    C - +4 ring of protection
MPRegen 0.13/turn

%: reflection
@: mighty, very slow
A: AC +4, large, see invisible, deformed body, poison resistance, slowness 2,
spit poison 1, naga tail 1, iridescent scales 1, mutation resistance 1, cold
vulnerability 1, MP-powered wands
a: Spit Poison, Renounce Religion


You were on level 11 of the Dungeon.
You worshipped Wu Jian.
Wu Jian was aware of your devotion.
You visited 2 branches of the dungeon, and saw 13 of its levels.
You also visited: Trove and Sewer.

You collected 662 gold pieces.
You spent 362 gold pieces at shops.

Inventory:

Hand Weapons
 a - a +0 war axe of venom
 o - the +10 spear "Wuth" (weapon) {heavy, rElec rPois}
   (You found it on level 2 of the Dungeon)

   rElec:     It insulates you from electricity.
   rPois:     It protects you from poison.
 K - a +1 sling of freezing
 M - the +4 glaive "Hydrabane" {heavy, rN+ Will+}
   (You found it in a treasure trove)

   rN:        It protects you from negative energy.
   Will:      It increases your willpower.
 T - a +0 halberd of protection
 W - a +0 hand crossbow
Missiles
 h - 41 poisoned darts
 U - 2 curare-tipped darts
Armour
 c - a +0 buckler (worn)
 s - a +2 chain mail of cold resistance (worn)
 E - the +3 ring mail "Sys Nuu" {rCorr}
   (You found it on level 7 of the Dungeon)

   rCorr:     It protects you from acid and corrosion.
 H - a +2 cloak (worn)
 I - a +0 helmet (worn)
 J - a +4 scale mail of poison resistance
Jewellery
 f - a ring of magical power
 l - a ring of resist corrosion (left hand)
 u - a ring of wizardry
 x - an amulet of reflection (around neck)
 B - a ring of ice
 C - a +4 ring of protection (right hand)
 P - the amulet of Vuone {Faith rF+ rC- Int+5}
   (You found it in a treasure trove)

   [amulet of faith]

   It allows you to gain divine favour quickly.
   Int:       It affects your intelligence (+5).
   rF:        It protects you from fire.
   rC:        It makes you vulnerable to cold.
 Q - an amulet of guardian spirit
 R - the amulet "Pokhlieff" {RegenMP rPois rN+++ rCorr MP-9}
   (You found it in a treasure trove)

   [amulet of magic regeneration]

   It increases your rate of magic regeneration.
   rPois:     It protects you from poison.
   rN:        It renders you almost immune to negative energy.
   MP:        It affects your magic capacity (-9).
   rCorr:     It protects you from acid and corrosion.
 S - an amulet of magic regeneration
Wands
 r - a wand of paralysis (3)
 y - a wand of roots (16)
 D - a wand of flame (31)
 V - a wand of digging (4)
Scrolls
 i - 3 scrolls of poison
 m - a scroll of amnesia
 n - 2 scrolls of noise
 p - 4 scrolls of teleportation
 v - 3 scrolls of vulnerability
 w - a scroll of blinking
 G - 3 scrolls of fear
 N - a scroll of torment
 O - a scroll of magic mapping
 X - a scroll of identify
Potions
 d - 5 potions of might
 e - 8 potions of curing
 g - 2 potions of haste
 j - 3 potions of lignification
 k - 2 potions of flight
 q - 3 potions of mutation
 t - 2 potions of cancellation
 z - 4 potions of degeneration {unknown}
 A - 2 potions of resistance
 F - 3 potions of brilliance


   Skills:
 + Level 9.6 Fighting
 - Level 2.6(8.5) Axes
 * Level 12.6(12.7) Polearms
 + Level 3.1 Ranged Weapons
 + Level 8.1 Armour
 + Level 8.8 Shields


You had 11 spell levels left.
You didn't know any spells.
Your spell library contained the following spells:

 Spells                   Type           Power      Damage    Failure   Level
 Beastly Appendage        Tmut           0%         N/A       95%         1
 Cigotuvi's Dreadful Rot  Necr/Pois/Air  0%         N/A       99%         2
 Wereblood                Tmut           0%         N/A       99%         2
 Spider Form              Tmut/Pois      0%         N/A       100%        3
 Dispel Undead            Necr           0%         3d6       100%        4
 Blade Hands              Tmut           0%         N/A       100%        5
 Irradiate                Conj/Tmut      0%         3d11      100%        5
 Death Channel            Necr           0%         N/A       100%        6
 Dragon Form              Tmut           0%         N/A       100%        7


Dungeon Overview and Level Annotations

Branches:
Dungeon (12/15)            Temple (1/1) D:5            Lair (0/5) D:8
  Sewer (visited)
    Orc: D:9-12

Altars:
Ashenzari
Cheibriados
Dithmenos
Elyvilon
Fedhas
Gozag
Hepliaklqana
Kikubaaqudgha
Makhleb
Nemelex Xobeh
Okawaru
Qazlal
Ru
Sif Muna
Trog
Uskayaw
Vehumet
Wu Jian
Xom
Yredelemnul
Zin
The Shining One

Shops:
D:8 *

Annotations:
D:11 3 runed translucent doors, qdestroyer's ghost, journeyman MiFi


Innate Abilities, Weirdness & Mutations

Your serpentine skin is tough. (AC +4)
You have supernaturally acute eyesight. (SInv)
Armour fits poorly on your strangely shaped body.
Your system is resistant to poisons. (rPois)
You cover ground very slowly.
You can spit poison.
You have a snake-like lower body.
You are partially covered in iridescent scales. (AC +2)
You are somewhat resistant to further mutation.
You are vulnerable to cold. (rC-)
You expend magic power (3 MP) to strengthen your wands.


Message History

The boulder beetle is almost dead.
A vampire mosquito comes into view.
You block the boulder beetle's attack.
The vampire mosquito buzzes angrily.
You impale the boulder beetle!!
You kill the boulder beetle!
The Council accepts your kill.
You hit the manticore but do no damage.
The shadow slips into darkness.
The shadow flickers and vanishes for a moment.
The manticore closely misses you. The manticore claws you!
* * * LOW HITPOINT WARNING * * *
You block the manticore's attack.
You hit the manticore but do no damage.
You have got your breath back.
The manticore bites you but does no damage.
The manticore completely misses you.
The manticore claws you but does no damage.
You feel very mighty all of a sudden. The manticore bites you.
* * * LOW HITPOINT WARNING * * *
The manticore claws you but does no damage.
You block the manticore's attack.
You impale the manticore!!
The manticore is moderately wounded.
You hit the manticore.
The manticore is heavily wounded.
You block the manticore's attack. The manticore claws you.
* * * LOW HITPOINT WARNING * * *
The manticore claws you but does no damage.
The boulder beetle leaps!
You impale the manticore!!
The manticore is almost dead.
You block the manticore's attack. x2; The manticore claws you!
* * * LOW HITPOINT WARNING * * *
You impale the manticore!!
You kill the manticore!
The Council accepts your kill.
The cyclops throws a large rock.
The large rock hits you!!!
You die...

.# .u. .#. #..#.##...# .# .° ...
#..#.###..# .# .. ... #..>......#
.# . #.# #....###.## .#
##?B)#.#........# .#
.#.#.C#B#.#...####.# .#
..W..T....#.#.# #.#
.##################.###...# #.#
......(.........@[WV....#.# #.#
..###.#.###..#####C#...##.####.#
#.###.#.# #.## ..°...........#
#.......###.###8.............8.#
###.###........######+++######.##
#.# #.....####oooooooo...oo#...
#.###.###.# #.ooo#####....####
#.....# #.# #.###o....###.#...
####### #.# #..8..#8#.####


You could see a cyclops, a vampire, a shadow (invisible), an orc priest and an
orc.

Vanquished Creatures
  Gastronok (D:9)
  A hydra (D:11)
  A boulder beetle (D:11)
  A tengu warrior (D:9)
  Sonja (D:10)
  Amaemon (D:9)
  A cyclops (D:11)
  2 manticores (D:11)
  3 ugly things (D:11)
  An orange demon (D:9)
  A gargoyle (D:11)
  An efreet (D:9)
  An unseen horror (D:11)
  8 trolls
  Sigmund (D:4)
  2 shadows
  3 wraiths
  A wyvern (D:9)
  14 yaks
  An unseen horror simulacrum (D:9)
  9 vampire mosquitoes
  A steam dragon (D:6)
  Menkaure (D:7)
  Edmund (D:6)
  3 acid dragons
  2 water moccasins
  An orc warrior (D:7)
  2 ice beasts
  A sky beast (D:6)
  3 wolves (D:8)
  2 ogres
  6 centaurs
  2 phantoms
  5 kobold brigands
  2 bullfrogs (D:8)
  4 scorpions
  14 killer bees
  3 electric eels (D:8)
  6 howler monkeys
  3 jellies
  2 gnoll boudas
  7 orc priests
  8 hounds
  A sleepcap (D:4)
  2 iguanas
  6 orc wizards
  8 gnolls
  14 adders
  A white imp (D:5)
  3 worms
  4 dart slugs
  29 orcs
  7 ball pythons
  5 bats
  6 endoplasms
  7 giant cockroaches
  6 goblins
  8 hobgoblins
  6 jackals
  4 quokkas
  4 frilled lizards
  24 kobolds
  9 rats
288 creatures vanquished.

Vanquished Creatures (others)
  A centaur warrior (D:11)
  An unseen horror (D:11)
  A wraith (D:11)
3 creatures vanquished.

Grand Total: 291 creatures vanquished

Notes
Turn   | Place    | Note
-------+----------+-------------------------------------------
     0 | D:1      | tizbic2 the Naga Fighter began the quest for the Orb.
     0 | D:1      | Reached XP level 1. HP: 21/21 MP: 1/1
   156 | D:1      | Reached XP level 2. HP: 24/28 MP: 2/2
   690 | D:1      | Reached XP level 3. HP: 33/34 MP: 3/3
   763 | D:2      | Identified the +10 spear "Wuth" {heavy, rElec rPois}
  1031 | D:2      | Found a faded altar of an unknown god.
  1041 | D:2      | Prayed at the altar of an unknown god.
  1041 | D:2      | Became a worshipper of the Wu Jian Council
  1041 | D:2      | Reached * piety under Wu Jian
  1071 | D:2      | Reached skill level 1 in Polearms
  1216 | D:3      | Noticed a phantom
  1221 | D:3      | Killed a phantom
  1222 | D:3      | Reached skill level 2 in Polearms
  1222 | D:3      | Reached XP level 4. HP: 25/43 MP: 4/4
  1222 | D:3      | Reached XP level 5. HP: 29/49 MP: 5/5
  1311 | D:3      | Found a hide-covered altar of Uskayaw.
  1625 | D:3      | Found an iron altar of Okawaru.
  1825 | D:4      | Reached ** piety under Wu Jian
  1845 | D:4      | Gained mutation: You expend magic power (3 MP) to
                  | strengthen your wands. [potion of mutation]
  1845 | D:4      | Gained mutation: You are partially covered in iridescent
                  | scales. (AC +2) [potion of mutation]
  1845 | D:4      | Gained mutation: You are vulnerable to cold. (rC-) [potion
                  | of mutation]
  1845 | D:4      | Gained mutation: You are somewhat resistant to further
                  | mutation. [potion of mutation]
  1907 | D:4      | Reached skill level 3 in Polearms
  1907 | D:4      | Reached XP level 6. HP: 57/57 MP: 6/6
  1998 | D:4      | Noticed Sigmund
  2002 | D:4      | Killed Sigmund
  2064 | D:4      | Reached XP level 7. HP: 64/64 MP: 7/7
  2422 | D:4      | Found a blossoming altar of Fedhas.
  2423 | D:4      | You fall into a shaft and drop 1 floor!
  2423 | D:5      | Entered Level 5 of the Dungeon
  2435 | D:5      | Reached skill level 4 in Polearms
  2622 | D:5      | Found a glowing drain.
  2675 | D:5      | Reached XP level 8. HP: 68/73 MP: 8/8
  2678 | D:5      | Reached skill level 5 in Polearms
  2698 | Sewer    | Entered a sewer
  2745 | Sewer    | Reached skill level 5 in Fighting
  3024 | D:5      | Noticed a wraith
  3031 | D:5      | Killed a wraith
  3054 | D:5      | Reached skill level 6 in Polearms
  3059 | D:5      | Reached skill level 5 in Shields
  3250 | D:5      | Reached *** piety under Wu Jian
  3437 | D:5      | Found a staircase to the Ecumenical Temple.
  3444 | Temple   | Entered the Ecumenical Temple
  3840 | D:6      | Reached XP level 9. HP: 82/82 MP: 9/9
  4088 | D:6      | Noticed Edmund
  4096 | D:6      | Killed Edmund
  4097 | D:6      | Reached skill level 7 in Polearms
  4097 | D:6      | Reached skill level 5 in Armour
  4791 | D:7      | Found a shimmering blue altar of Sif Muna.
  4791 | D:7      | Identified the +3 ring mail "Sys Nuu" {rCorr}
  4945 | D:7      | Noticed Menkaure
  4949 | D:7      | Killed Menkaure
  4950 | D:7      | Reached skill level 8 in Polearms
  5218 | D:7      | Found a stormy altar of Qazlal.
  6340 | D:8      | Found Ishodabb's Assorted Antiques.
  6377 | D:8      | Bought a glowing chain mail for 187 gold pieces
  6377 | D:8      | Bought a scroll of identify for 50 gold pieces
  6400 | D:8      | Bought a thick silver amulet for 125 gold pieces
  6439 | D:8      | Found a white marble altar of Elyvilon.
  6440 | D:8      | Found a glowing silver altar of Zin.
  6446 | D:8      | Reached XP level 10. HP: 92/92 MP: 10/10
  6477 | D:8      | Found a staircase to the Lair.
  6768 | D:8      | Reached skill level 9 in Polearms
  6924 | D:8      | Found a snail-covered altar of Cheibriados.
  7169 | D:9      | Reached **** piety under Wu Jian
  7208 | D:9      | Noticed an orange demon
  7210 | D:9      | Noticed Amaemon
  7244 | D:9      | Killed Amaemon
  7256 | D:9      | Killed an orange demon
  7257 | D:9      | Reached skill level 10 in Polearms
  7371 | D:9      | Found a radiant altar of Vehumet.
  7476 | D:9      | Reached XP level 11. HP: 80/103 MP: 11/11
  7618 | D:9      | Noticed Gastronok
  7629 | D:9      | Noticed a tengu warrior
  7638 | D:9      | Killed Gastronok
  7639 | D:9      | Killed a tengu warrior
  8409 | D:10     | Entered Level 10 of the Dungeon
  8428 | D:10     | Reached skill level 11 in Polearms
  8623 | D:10     | Found an ancient bone altar of Kikubaaqudgha.
  8980 | D:10     | Found a portal to a secret trove of treasure.
  8989 | Trove    | Entered a treasure trove
  9015 | Trove    | Identified the +4 glaive "Hydrabane" {heavy, rN+ Will+}
  9016 | Trove    | Identified the +3 war axe of Cheibriados's Hope {drain,
                  | rN+}
  9039 | Trove    | Identified the amulet of Vuone {Faith rF+ rC- Int+5}
  9043 | Trove    | Identified the amulet "Pokhlieff" {RegenMP rPois rN+++
                  | rCorr MP-9}
  9240 | D:10     | Noticed Sonja
  9244 | D:10     | Killed Sonja
  9446 | D:11     | Found a runed translucent gate.
  9446 | D:11     | Noticed qdestroyer's ghost (journeyman MiFi)
  9447 | D:11     | Found a runed translucent gate.
  9448 | D:11     | Found a runed translucent gate.
  9682 | D:11     | Noticed a four-headed hydra
  9683 | D:11     | Identified the orb "Zestronar" {mayhem, Will- Dex+4}
  9699 | D:11     | Killed a four-headed hydra
  9700 | D:11     | Reached skill level 1 in Ranged Weapons
  9700 | D:11     | Reached XP level 12. HP: 85/114 MP: 12/12
  9714 | D:11     | Noticed a centaur warrior
  9726 | D:11     | Reached skill level 12 in Polearms
  9736 | D:11     | Killed a centaur warrior
  9738 | D:11     | Noticed a boulder beetle
  9738 | D:11     | Noticed a boulder beetle
 10274 | D:11     | Killed a boulder beetle
 10281 | D:11     | Hit by a large rock thrown by a cyclops

Illustrated notes

Levels and vault maps discovered:
D:1:      heliophobic_arrival_dark_side_of_the_moon, layout_basic
D:2:      layout_rooms, serial_aquarium, aquarium_bridge_square
          [aquarium_subvault_wall, aquarium_subvault_balcony,
          aquarium_subvault_wall, aquarium_subvault_bridge],
          aquarium_bridge_square [aquarium_subvault_bridge,
          aquarium_subvault_window, aquarium_subvault_wall,
          aquarium_subvault_bridge], aquarium_window_1, aquarium_window_2,
          aquarium_window_3, aquarium_view_2c, aquarium_view_2a,
          aquarium_balcony_1b, shapermc_ecumenical_altar_starsandcircs
D:3:      layout_rooms, mainiacjoe_overflow_paths,
          nicolae_uskayaw_murder_on_the_dancefloor, minmay_close_crescents
D:4:      layout_basic, mainiacjoe_overflow_tiny_flanked, kennysheep_path_1,
          feat_on_display, uniq_sigmund
D:5:      layout_basic, temple_fountains, gup_sewer_entry_glass
D:6:      layout_basic, corexii_corridor_pit, uniq_edmund
D:7:      layout_cave_pods, nicolae_qazlal_eye_of_the_storm,
          mainiacjoe_overflow_boulevard, uniq_menkaure
D:8:      layout_loops_ring, mainiacjoe_overflow_24_doors,
          gammafunk_temple_overflow_pools, erik_lair_island, serial_shops,
          nicolae_shop_tiny_waterfront
D:9:      layout_small_grid, nicolae_vehumet_radiance, minmay_bent,
          uniq_amaemon, uniq_gastronok
D:10:     layout_grid_maze, nicolae_overflow_hidden_temple,
          nicolae_trove_entry_diagonal, kennysheep_generic_room_9, uniq_sonja
D:11:     minmay_the_grid_square_5x5_4x4_mashed
          [minmay_the_grid_square_5x5_moneybag,
          minmay_the_grid_square_5x5_hourglass,
          minmay_the_grid_square_5x5_broken_cross,
          minmay_the_grid_square_5x5_gyroscope,
          minmay_the_grid_square_5x5_hollow_slash,
          minmay_the_grid_square_5x5_prize_gold,
          minmay_the_grid_square_5x5_prize_itemx,
          minmay_the_grid_square_5x5_percent, minmay_the_grid_square_5x5_n,
          minmay_the_grid_square_5x5_prize_deathbox,
          minmay_the_grid_square_5x5_prize_open,
          minmay_the_grid_square_5x5_bracketed,
          minmay_the_grid_square_5x5_almost_minimal,
          minmay_the_grid_square_5x5_six,
          minmay_the_grid_square_5x5_pentomino_r,
          minmay_the_grid_square_5x5_meh], layout_loops_ring,
          biasface_ghost_orc_armoury, uniq_erica, uniq_josephine, uniq_urug
D:12:     minmay_strange_plus, layout_loops_cross, david_orc_4, serial_shops,
          shop, chequers_serial_rivers_micro_c, kennysheep_potato
Temple:   minmay_temple_bridge_abc

Skill      XL: |  1  2  3  4  5  6  7  8  9 10 11 12 |
---------------+-------------------------------------+-----
Shields        | 3 4 5 6 7 8 |  8.8
Polearms       | 2 3 4 6 8 10 11 12 | 12.6
Armour         | 3 4 5 6 7 8 |  8.1
Fighting       | 4 5 6 7 9 |  9.6
Ranged Weapons | 1 3 |  3.1
Axes           | |  2.6

Action                     |  1- 3 |  4- 6 |  7- 9 | 10-12 || total
---------------------------+-------+-------+-------+-------++-------
  Melee: War axe           |    45 |       |       |       ||    45
         Spear             |    35 |    57 |   241 |   438 ||   771
 Invoke: Serpent's Lash    |       |       |       |     2 ||     2
Ability: Spit Poison       |    12 |     8 |    16 |    14 ||    50
         Whirlwind         |       |     5 |    15 |    30 ||    50
         Lunge             |       |     5 |    11 |    21 ||    37
         Wall Jump         |       |       |     3 |     5 ||     8
  Evoke: Wand              |       |       |       |     1 ||     1
    Use: Scroll            |       |     9 |     6 |     7 ||    22
         Potion            |       |     1 |     1 |     5 ||     7
   Stab: Distracted        |       |       |     1 |       ||     1
 Armour: Scale mail        |    31 |    24 |    61 |       ||   116
         Chain mail        |       |       |    28 |   199 ||   227
         Ring mail         |       |       |    94 |       ||    94
         Skin              |       |       |       |    12 ||    12
  Dodge: Dodged            |    25 |    17 |    85 |    71 ||   198
  Block: Buckler           |    18 |    10 |    66 |   217 ||   311
         Reflection        |       |       |       |    13 ||    13
